 Dungeon Crawl Stone Soup version 0.29.0-4-gdea44cf6ec (webtiles) character file.

Game seed: 15376120515050670539

79 qw the Chopper (level 4, -1/26 HPs)
             Began as a Tengu Warper on Aug 28, 2022.
             Slain by a gnoll
             ... wielding a +0 spear
              (5 damage)
             ... on level 3 of the Dungeon.
             The game lasted 00:00:10 (1984 turns).

qw the Chopper (Tengu Warper)                       Turns: 1984, Time: 00:00:10

Health: -1/26      AC:  5    Str: 13    XL:     4   Next: 37%
Magic:  8/8        EV: 11    Int: 14    God:
Gold:   115        SH:  0    Dex: 13    Spells: 7/7 levels left

rFire   . . .      SeeInvis .   Y - +0 hand axe
rCold   . . .      Faith    .   (no shield)
rNeg    . . .      Spirit   .   m - +0 ring mail
rPois   .          Reflect  .   (helmet restricted)
rElec   .          Harm     .   (no cloak)
rCorr   .          Rampage  .   (no gloves)
Will    .....                   (boots unavailable)
Stlth   +.........              (no amulet)
HPRegen 0.08/turn               (no ring)
MPRegen 0.11/turn               (no ring)

@: no status effects
A: beak, talons 3
a: no special abilities


You were on level 3 of the Dungeon.
You visited 1 branch of the dungeon, and saw 3 of its levels.

You collected 115 gold pieces.


Innate Abilities, Weirdness & Mutations

You have a beak for a mouth.
You have claws for feet.


   Skills:
 - Level 2.0 Fighting
 + Level 4.9 Axes
 - Level 1.0 Throwing
 - Level 1.1 Armour
 - Level 2.1 Dodging
 - Level 2.0 Spellcasting
 - Level 2.4 Translocations


You had 7 spell levels left.
You didn't know any spells.
Your spell library contained the following spells:

 Spells                   Type           Power      Damage    Failure   Level
 Blink                    Tloc           16%        N/A       28%         2
 Gell's Gravitas          Tloc           8%         N/A       50%         3
 Lesser Beckoning         Tloc           8%         N/A       50%         3
 Teleport Other           Tloc           8%         N/A       50%         3
 Manifold Assault         Tloc           8%         N/A       99%         5

Inventory:

Hand Weapons
 l - a +0 mace
 Y - a +0 hand axe (weapon)
Armour
 m - a +0 ring mail (worn)
Scrolls
 b - a scroll of identify
Potions
 e - a potion of berserk rage {unknown}
 f - a potion of cancellation {unknown}
 g - a potion of brilliance {unknown}
 h - a potion of degeneration {unknown}
 i - a potion of invisibility {unknown}
 j - a potion of flight {unknown}
 k - a potion of curing {unknown}
 n - a potion of mutation {unknown}

Dungeon Overview and Level Annotations

Branches:
Dungeon (3/15)

Altars:

Shops:
D:1 (


Message History

The gnoll is moderately wounded.
The gnoll closely misses you.
You completely miss the gnoll.
The gnoll is moderately wounded.
The gnoll barely misses you.
You barely miss the gnoll. You claw the gnoll.
The gnoll is heavily wounded.
The gnoll hits you with a +0 flail.
You hit the gnoll. Your kick misses the gnoll.
The gnoll is almost dead.
The gnoll barely misses you.
You hit the gnoll.
You kill the gnoll!
You start resting.
HP restored.
A gnoll comes into view. It is wielding a +0 flail.
The gnoll shouts!
A gnoll comes into view. It is wielding a +0 spear.
1976 ||| Stepping ~*~*~tactically~*~*~ (stealth).
1977 ||| Stepping ~*~*~tactically~*~*~ (stealth).
The gnoll shouts!
You closely miss the gnoll. You claw the gnoll.
The gnoll is moderately wounded.
The gnoll hits you with a +0 flail.
You closely miss the gnoll. Your kick misses the gnoll.
The gnoll is moderately wounded.
The gnoll hits you from afar with a +0 spear.
The gnoll hits you with a +0 flail!
You hit the gnoll.
The gnoll is heavily wounded.
The gnoll completely misses you. The gnoll barely misses you.
You hit the gnoll but do no damage.
The gnoll is heavily wounded.
The gnoll barely misses you. The gnoll closely misses you.
You hit the gnoll. You claw the gnoll.
You kill the gnoll!
The gnoll hits you from afar with a +0 spear.
Found a stone staircase leading down.
The gnoll hits you with a +0 spear.
You die...

.## ... .. .. ..##.#
####.##....####
#).......#.....
#...[..........
#..............
##........#.....
#....##.@g......
#########..###..###.....
#...............# >..
..####.%##.###>.# .
#.)###.###.##
##.##.......#
#..##.#.##.##
####.##..#.##.#
#.......#...#+#


You could see a gnoll.

Vanquished Creatures
  2 gnolls (D:3)
  3 adders (D:2)
  A dart slug (D:1)
  3 ball pythons
  2 bats
  6 endoplasms
  4 goblins
  2 hobgoblins (D:1)
  A quokka (D:1)
  3 frilled lizards
  3 rats
30 creatures vanquished.

Vanquished Creatures (others)
  19 plants (D:1)
19 creatures vanquished.

Grand Total: 49 creatures vanquished

Notes
Turn   | Place    | Note
-------+----------+-------------------------------------------
     0 | D:1      | qw the Tengu Warper began the quest for the Orb.
     0 | D:1      | Reached XP level 1. HP: 12/12 MP: 4/4
     0 | D:1      | 0 ||| qw: Version: 0.1-a-89-g26bdef1
     0 | D:1      | 0 ||| qw: Game counter: 2625
     0 | D:1      | 0 ||| qw: Always use a shield: true
     0 | D:1      | 0 ||| qw: God list: Okawaru
     0 | D:1      | 0 ||| qw: Allow faded altars: false
     0 | D:1      | 0 ||| qw: Do Orc after D:15 true
     0 | D:1      | 0 ||| qw: Do second Lair branch before Depths: true
     0 | D:1      | 0 ||| qw: Lair rune preference: random
     0 | D:1      | 0 ||| qw: Plans: Normal
     0 | D:1      | 0 ||| PLANNING D:1-11
    37 | D:1      | Reached XP level 2. HP: 16/17 MP: 6/6
    71 | D:1      | Reached skill level 3 in Axes
   313 | D:1      | Found Qaexad's Weapon Boutique.
   517 | D:1      | Found a faded altar of an unknown god.
   563 | D:1      | 563 ||| Stepping ~*~*~tactically~*~*~ (stealth).
   566 | D:1      | 566 ||| Stepping ~*~*~tactically~*~*~ (hiding).
   570 | D:1      | 570 ||| Stepping ~*~*~tactically~*~*~ (stealth).
   685 | D:1      | 685 ||| Stepping ~*~*~tactically~*~*~ (stealth).
   689 | D:1      | 689 ||| Stepping ~*~*~tactically~*~*~ (stealth).
   709 | D:1      | 709 ||| Stepping ~*~*~tactically~*~*~ (hiding).
   711 | D:1      | 711 ||| Stepping ~*~*~tactically~*~*~ (hiding).
   948 | D:1      | 948 ||| UPGRADING to +0 ring mail.
   958 | D:1      | 958 ||| DROPPING +0 leather armour.
   959 | D:1      | 959 ||| READING scroll labelled FYOZ OKLIMEC.
   960 | D:1      | 960 ||| READING scroll labelled DUWNOTWUTAN.
   961 | D:1      | 961 ||| READING scroll labelled DAMUYPPAUQ.
   962 | D:1      | 962 ||| DROPPING scroll of blinking.
  1071 | D:2      | Reached skill level 4 in Axes
  1071 | D:2      | Reached XP level 3. HP: 14/21 MP: 7/7
  1343 | D:2      | 1343 ||| DROPPING +0 club.
  1365 | D:2      | 1365 ||| Stepping ~*~*~tactically~*~*~ (stealth).
  1376 | D:2      | 1376 ||| FLEEEEING.
  1874 | D:2      | 1874 ||| READING scroll labelled XACAG TUFRONGASH.
  1877 | D:2      | 1877 ||| READING 3 scrolls of identify.
  1877 | D:2      | 1877 ||| IDENTIFYING fizzy yellow potion
  1878 | D:2      | 1878 ||| READING 2 scrolls of identify.
  1878 | D:2      | 1878 ||| IDENTIFYING bubbling amethyst potion
  1879 | D:2      | 1879 ||| DROPPING potion of attraction.
  1880 | D:2      | 1880 ||| DROPPING potion of ambrosia.
  1920 | D:3      | Reached XP level 4. HP: 26/26 MP: 8/8
  1976 | D:3      | 1976 ||| Stepping ~*~*~tactically~*~*~ (stealth).
  1977 | D:3      | 1977 ||| Stepping ~*~*~tactically~*~*~ (stealth).
  1983 | D:3      | HP: 4/26 [gnoll/+0 spear (5)]
  1984 | D:3      | Slain by a gnoll

Levels and vault maps discovered:
D:1:      spicycebolla_arrival_clurvy, layout_loops_cross,
          basic_ecumenical_altar, serial_shops,
          nicolae_shop_bloodbath_and_beyond, nicolae_eternal_life,
          minmay_split_cup_large
D:2:      layout_basic
D:3:      layout_rooms, minmay_overflow_temple_star_quad, serial_shops, shop

Skill      XL: |  1  2 |
---------------+-------+-----
Axes           | 4 |  4.9
Fighting       | |  2.0
Throwing       | |  1.0
Armour         | |  1.1
Dodging        | |  2.1
Spellcasting   | |  2.0
Translocations | |  2.4

Action                   |  1- 3 |  4- 6 || total
-------------------------+-------+-------++-------
Melee: Hand axe          |    66 |    11 ||    77
       Kick              |    15 |     4 ||    19
       Peck              |    13 |       ||    13
Throw: Boomerang         |     7 |       ||     7
  Use: Scroll            |     6 |       ||     6
Armor: Leather armour    |     4 |       ||     4
       Ring mail         |    11 |       ||    11
Dodge: Dodged            |    29 |     7 ||    36

Table legend:
 A = Non-vault XP
 B = Vault XP
 C = Vault XP percentage of total XP
 D = Non-vault monster count
 E = Vault monster count
 F = Vault count percentage of total count
                 A         B        C        D         E       F
            +---------+---------+-------+---------+---------+-------
      Total |     105 |       8 |   7.1 |      26 |       4 |  13.3
            +---------+---------+-------+---------+---------+-------
        D:1 |      23 |       8 |  25.8 |      12 |       4 |  25.0
        D:2 |      50 |       0 |   0.0 |      10 |       0 |   0.0
        D:3 |      32 |       0 |   0.0 |       4 |       0 |   0.0
            +---------+---------+-------+---------+---------+-------
